 Dungeon Crawl Stone Soup version 0.31-a0-960-g0fca184906 (webtiles) character file.

Game seed: 14053003717121735175

4083 Arzdou the Carver (level 10, -10/85 HPs)
             Began as a Merfolk Monk on Oct 22, 2023.
             Was a Follower of the Shining One.
             Mangled by a human
             ... wielding a +0 war axe
              (15 damage)
             ... in a bailey.
             The game lasted 00:11:49 (8806 turns).

Arzdou the Carver (Merfolk Monk)                    Turns: 8806, Time: 00:11:49

Health: -10/85     AC:  7    Str: 15    XL:     10   Next: 25%
Magic:  23/23      EV: 15    Int: 10    God:    the Shining One [*.....]
Gold:   376        SH:  5    Dex: 23    Spells: 9/9 levels left

rFire   . . .        a - +1 great sword (freeze)
rCold   . . .        (shield currently unavailable)
rNeg    . . .        i - +0 scale mail
rPois   .            (no helmet)
rElec   .            d - +0 cloak
rCorr   .            (no gloves)
SInv    .            (no boots)
Will    .....        u - amulet of reflection
Stlth   +            e - ring of the Middle {MP+9 Str+3 Dex+3}
HPRegen 0.34/turn    (no ring)
MPRegen 0.18/turn

%: reflection
@: hasted, glowing, very quick
A: (nimble swimmer 2), mertail
a: Renounce Religion, Divine Shield


You were in a bailey.
You worshipped the Shining One.
The Shining One was aware of your devotion.
You visited 2 branches of the dungeon, and saw 9 of its levels.
You also visited: Bailey.

You collected 376 gold pieces.

Inventory:

Hand Weapons
 a - a +1 great sword of freezing (weapon)
 b - a +0 sling
Armour
 d - a +0 cloak (worn)
 i - a +0 scale mail (worn)
 C - +0 steam dragon scales
Jewellery
 e - the ring of the Middle (left hand) {MP+9 Str+3 Dex+3}
   (You found it on level 5 of the Dungeon)

   [ring of magical power]

   Str+3:     It affects your strength (+3).
   Dex+3:     It affects your dexterity (+3).
   MP+9:      It affects your magic capacity (+9).
 u - an amulet of reflection (around neck)
Wands
 m - a wand of flame (25)
 D - a wand of iceblast (5)
Scrolls
 c - a scroll of immolation
 f - 2 scrolls of blinking {unknown}
 g - a scroll of butterflies {unknown}
 h - a scroll of fear {unknown}
 j - 6 scrolls of teleportation
 n - 4 scrolls of enchant weapon {unknown}
 p - 3 scrolls of enchant armour
 r - a scroll of revelation
 s - 2 scrolls of vulnerability {unknown}
 v - a scroll of brand weapon {unknown}
 w - 6 scrolls of identify
 y - a scroll of fog {unknown}
 A - 2 scrolls of noise {unknown}
Potions
 k - 2 potions of haste
 l - a potion of berserk rage
 o - 2 potions of heal wounds {unknown}
 q - a potion of mutation {unknown}
 t - a potion of magic {unknown}
 x - a potion of brilliance {unknown}
 z - a potion of cancellation {unknown}
 B - 3 potions of lignification {unknown}


   Skills:
 - Level 10.0 Fighting
 - Level 10.0 Long Blades
 + Level 9.8 Dodging
 + Level 6.1 Invocations


You had 9 spell levels left.
You didn't know any spells.
Your spell library contained the following spells:

 Spells                   Type           Power      Damage    Failure   Level
 Foxfire                  Conj/Fire      0%         2x1d4     85%         1
 Scorch                   Fire           0%         2d5       94%         2
 Sublimation of Blood     Necr           0%         N/A       94%         2
 Flame Wave               Conj/Fire      0%         2d4       100%        4
 Petrify                  Tmut/Erth      0%         N/A       100%        4
 Vhi's Electric Charge    Tloc/Air       0%         N/A       100%        4
 Arcjolt                  Conj/Air       0%         1d10      100%        5
 Irradiate                Conj/Tmut      0%         3d11      100%        5
 Plasma Beam              Fire/Air       0%         2x1d10    100%        6
 Starburst                Conj/Fire      0%         6d3       100%        6
 Summon Cactus Giant      Summ           0%         N/A       100%        6


Dungeon Overview and Level Annotations

Branches:
Dungeon (8/15)             Temple (1/1) D:7            Lair (0/5) D:8
 Bailey (1/1)

Altars:
Cheibriados
Dithmenos
Elyvilon
Fedhas
Hepliaklqana
Kikubaaqudgha
Makhleb
Nemelex Xobeh
Okawaru
Qazlal
Ru
Sif Muna
Trog
Uskayaw
Vehumet
Wu Jian
Xom
Yredelemnul
The Shining One

Annotations:
Temple 2 transporters


Innate Abilities, Weirdness & Mutations

((You are very nimble when in or above water. (Stealth+, EV+, Speed+++)))
Your lower body shifts to a powerful aquatic tail in water.


Message History

You hit the human but do no damage.
The human is almost dead.
The human hits you with a +0 war axe.
The human hits you with a +2 heavy hand axe!
The human hits you with a +0 war axe.
You slash the human! You freeze the human.
You kill the human!
The human misses you.
Your Invocations skill increases to level 6!
You hit the human. You freeze the human.
The human is lightly wounded.
The human hits you with a +0 war axe.
* * * LOW HITPOINT WARNING * * *
The human misses you.
You hit the human. You freeze the human.
The human is moderately wounded.
The human barely misses you. The human completely misses you.
You slash the human! You freeze the human.
The human is almost dead.
The human hits you with a +0 war axe.
* * * LOW HITPOINT WARNING * * *
The human completely misses you.
You hit the human. You freeze the human.
You kill the human!
The human barely misses you. The human hits you with a +0 war axe!
* * * LOW HITPOINT WARNING * * *
You barely miss the human. You block the human's attack.
You hit the human. You freeze the human.
The human is lightly wounded.
The human hits you with a +0 war axe!
* * * LOW HITPOINT WARNING * * *
You barely miss the human.
The human is lightly wounded.
You block the human's attack.
It was a potion of haste.
You feel yourself speed up. The human barely misses you.
You hit the human. You freeze the human.
The human is moderately wounded.
The human hits you with a +0 war axe!
You die...

##### ......
#####
......##...##
#....)p.∩..#
#####@....#
#~~~'..∩..#
#~~~~##...##
+~~~~ #####
#~~~~ ##~~~
####


You could see a human.

Vanquished Creatures
  A two-headed ogre (D:6)
  Maurice (D:8)
  A queen bee (D:8)
  Grinder (D:6)
  A hornet (D:7)
  3 humans (Bailey)
  A steam dragon (D:8)
  Edmund (D:5)
  Menkaure (D:5)
  2 water moccasins
  A sky beast (D:7)
  A black bear (D:5)
  2 bullfrogs (Bailey)
  A gnoll sergeant (D:6)
  3 wights (D:7)
  7 killer bees
  2 howler monkeys (D:7)
  A jelly (D:6)
  An orc priest (D:5)
  5 hounds
  3 iguanas
  Crazy Yiuf (D:7)
  Terence (D:2)
  2 orc wizards
  Natasha (thrice) (D:2)
  Robin (D:2)
  5 gnolls
  6 adders
  A white imp (D:6)
  A worm (D:2)
  10 orcs
  8 ball pythons
  9 endoplasms
  4 giant cockroaches
  13 goblins
  8 hobgoblins
  3 jackals
  8 kobolds
  5 quokkas
  4 bats
  4 frilled lizards
  3 rats
140 creatures vanquished.

Notes
Turn   | Place    | Note
-------+----------+-------------------------------------------
     0 | D:1      | Arzdou the Merfolk Monk began the quest for the Orb.
     0 | D:1      | Reached XP level 1. HP: 18/18 MP: 1/1
   289 | D:1      | Reached XP level 2. HP: 24/24 MP: 2/2
   888 | D:2      | Reached skill level 5 in Long Blades
   888 | D:2      | Reached XP level 3. HP: 27/29 MP: 3/3
  1103 | D:2      | Identified the +5 mace "Cilajon" {spect, Fragile Fly Int+6
                  | Dex+2}
  1226 | D:2      | Noticed Terence
  1238 | D:2      | Killed Terence
  1239 | D:2      | Reached XP level 4. HP: 18/35 MP: 4/4
  1399 | D:2      | Noticed Robin
  1418 | D:2      | Killed Robin
  1674 | D:2      | Noticed Natasha
  1681 | D:2      | Killed Natasha
  1682 | D:2      | Reached XP level 5. HP: 33/41 MP: 5/5
  2377 | D:2      | Noticed Natasha
  2385 | D:2      | Killed Natasha
  2468 | D:2      | Noticed Natasha
  2478 | D:2      | Killed Natasha
  3233 | D:3      | Reached XP level 6. HP: 38/47 MP: 6/6
  5221 | D:5      | Entered Level 5 of the Dungeon
  5235 | D:5      | Noticed Menkaure
  5248 | D:5      | Killed Menkaure
  5249 | D:5      | Reached XP level 7. HP: 18/52 MP: 7/7
  5376 | D:5      | Identified the ring of the Middle {MP+9 Str+3 Dex+3}
  5544 | D:5      | Reached skill level 10 in Long Blades
  5749 | D:5      | Noticed Edmund
  5768 | D:5      | Killed Edmund
  5823 | D:5      | Found a snail-covered altar of Cheibriados.
  5934 | D:5      | Reached skill level 5 in Fighting
  5934 | D:5      | Reached XP level 8. HP: 38/63 MP: 8/8
  6249 | D:6      | Noticed Grinder
  6261 | D:6      | Paralysed by Grinder for 2 turns
  6271 | D:6      | Paralysed by Grinder for 2 turns
  6279 | D:6      | Killed Grinder
  6486 | D:6      | Noticed a two-headed ogre
  6496 | D:6      | Killed a two-headed ogre
  6497 | D:6      | Reached XP level 9. HP: 31/77 MP: 9/9
  6906 | D:6      | Reached skill level 10 in Fighting
  7156 | D:7      | Reached skill level 5 in Dodging
  7484 | D:7      | Found a shadowy altar of Dithmenos.
  7601 | D:7      | Found a staircase to the Ecumenical Temple.
  7610 | Temple   | Found a transporter.
  7610 | Temple   | Found a transporter.
  7610 | Temple   | Found a transporter.
  7610 | Temple   | Found a transporter.
  7610 | Temple   | Entered the Ecumenical Temple
  7626 | Temple   | Became a worshipper of the Shining One
  7626 | Temple   | Reached * piety under the Shining One
  7626 | Temple   | Reached ** piety under the Shining One
  7643 | D:7      | Noticed a hornet
  7877 | D:7      | Paralysed by a hornet for 2 turns
  7882 | D:7      | Killed a hornet
  7883 | D:7      | Reached skill level 1 in Invocations
  8228 | D:7      | Found a runed translucent door.
  8229 | D:7      | Noticed Crazy Yiuf
  8235 | D:7      | Killed Crazy Yiuf
  8242 | D:7      | Identified the +5 hammer of the Grey Skies {flame, SInv}
  8243 | D:7      | Identified the +6 hammer "Lacertilianslayer" {freeze, rPois
                  | rC+ Int-4}
  8455 | D:8      | Noticed Maurice
  8586 | D:8      | Maurice stole a +0 sling
  8589 | D:8      | Killed Maurice
  8612 | D:8      | Noticed a queen bee
  8618 | D:8      | Killed a queen bee
  8619 | D:8      | Reached skill level 5 in Invocations
  8619 | D:8      | Reached XP level 10. HP: 85/85 MP: 13/13
  8706 | D:8      | Found a flagged portal.
  8770 | Bailey   | Entered a bailey
  8803 | Bailey   | HP: 4/85 [human/+0 war axe (7)]
  8806 | Bailey   | Mangled by a human

Illustrated notes

Levels and vault maps discovered:
D:1:      onia_arrival_mini_maze_b, layout_loops_ring, serial_forest,
          infiniplex_forest_end_3, infiniplex_forest_lined_2,
          infiniplex_forest_zigzag_1, infiniplex_forest_zigzag_2
D:2:      wad_crossroads, layout_loops_corners, uniq_terence, uniq_robin,
          uniq_natasha
D:3:      layout_loops_ring, serial_rivers, chequers_serial_rivers_small_3,
          chequers_serial_rivers_micro_c, chequers_serial_rivers_marsh,
          chequers_serial_rivers_micro_c, chequers_serial_rivers_small_3
D:4:      layout_layer_cave, skrybe_limestone_x
D:5:      layout_basic, mainiacjoe_overflow_alcove_1, uniq_edmund, uniq_menkaure
D:6:      layout_basic, gammafunk_ghost_smash, kennysheep_generic_room_4,
          uniq_grinder
D:7:      layout_basic, nicolae_overflow_hidden_temple,
          minmay_temple_entry_sparse_star, uniq_crazy_yiuf_cottage
D:8:      layout_loops_ring, nicolae_ashenzari_skybound, lair_entry_dummy,
          enter_bailey_8, gammafunk_ghost_necromancy,
          nicolae_looking_at_the_future, uniq_joseph, uniq_maurice
Temple:   hellmonk_temple_divided_pantheon
Bailey:   bailey_axe_froggy_fort_hellmonk, bailey

Skill      XL: |  1  2  3  4  5  6  7  8  9 10 |
---------------+-------------------------------+-----
Long Blades    | 4 5 6 7 9 10 | 10.0
Fighting       | 5 9 10 | 10.0
Dodging        | 8 9 |  9.8
Invocations    | 5 6 |  6.1

Action                     |  1- 3 |  4- 6 |  7- 9 | 10-12 || total
---------------------------+-------+-------+-------+-------++-------
  Melee: Falchion          |    43 |   178 |   166 |       ||   387
         Great sword       |       |       |    42 |    31 ||    73
   Fire: Sling             |    32 |    19 |     4 |       ||    55
 Invoke: Divine Shield     |       |       |     2 |       ||     2
  Evoke: Wand              |       |       |    13 |       ||    13
    Use: Potion            |     2 |       |     4 |     1 ||     7
         Scroll            |       |     5 |     1 |     1 ||     7
 Armour: Robe              |    27 |       |       |       ||    27
         Scale mail        |       |   111 |   134 |    20 ||   265
  Dodge: Dodged            |    33 |    93 |   107 |    19 ||   252
  Block: Orb               |       |     2 |    29 |       ||    31
         Other             |       |       |    20 |     6 ||    26
         Reflection        |       |       |     2 |       ||     2

Table legend: (Time is in decaauts)
 A = Elapsed time spent in this place.
 B = Non-inter-level travel time spent in this place.
 C = Inter-level travel time spent in this place.
 D = Time resting spent in this place.
 E = Time spent auto-exploring this place.
 F = Levels seen in this place.
 G = Mean time per level.
                   A        B        C        D        E       F      G
               +--------+--------+--------+--------+--------+-----+--------+
         Total |   8814 |   8458 |    356 |   1246 |   6064 |  10 |  881.4 |
       Dungeon |   8743 |   8387 |    356 |   1246 |   6064 |   8 | 1092.9 |
        Temple |     28 |     28 |      0 |      0 |      0 |   1 |   28.0 |
        Bailey |     41 |     41 |      0 |      0 |      0 |   1 |   41.0 |
               +--------+--------+--------+--------+--------+-----+--------+

Top non-repeatable levels by time:
     D:2: 2213 daAuts
     D:4: 1388 daAuts
     D:7: 1260 daAuts
     D:5: 975 daAuts
     D:6: 934 daAuts
     D:1: 880 daAuts
     D:3: 735 daAuts
     D:8: 354 daAuts
  Bailey: 41 daAuts
  Temple: 28 daAuts
